 Dungeon Crawl Stone Soup version 0.31-a0-233-g139696dc86 (webtiles) character file.

Game seed: 13632335878443761324

207 qw the Shooter (level 5, -2/45 HPs)
             Began as a Minotaur Hexslinger on July 8, 2023.
             Slain by a gnoll
             ... wielding a +0 halberd
              (8 damage)
             ... on level 4 of the Dungeon.
             The game lasted 00:01:05 (2594 turns).

qw the Shooter (Minotaur Hexslinger)                Turns: 2594, Time: 00:01:05

Health: -2/45      AC:  5    Str: 12    XL:     5   Next: 54%
Magic:  5/5        EV: 11    Int: 10    God:
Gold:   224        SH:  0    Dex: 21    Spells: 5/6 levels left

rFire   . . .        Y - +1 sling
rCold   . . .        (no shield)
rNeg    . . .        k - +0 ring mail
rPois   .            (helmet restricted)
rElec   .            (no cloak)
rCorr   +            (no gloves)
SInv    .            (no boots)
Will    .....        (no amulet)
Stlth   +            a - +6 ring of dexterity
HPRegen 0.27/turn    b - ring of resist corrosion
MPRegen 0.09/turn

%: no passive effects
@: no status effects
A: horns 2, retaliatory headbutt
a: no special abilities


You were on level 4 of the Dungeon.
You visited 1 branch of the dungeon, and saw 4 of its levels.

You collected 246 gold pieces.
You spent 22 gold pieces at shops.


Innate Abilities, Weirdness & Mutations

You have a pair of horns on your head.
You reflexively headbutt those who attack you in melee.


   Skills:
 - Level 3.3 Fighting
 + Level 5.5 Ranged Weapons
 - Level 1.0 Armour
 - Level 2.1 Dodging
 - Level 1.0 Spellcasting
 - Level 2.0 Hexes


You had 5 spell levels left.
You knew the following spells:

 Your Spells              Type           Power      Damage    Failure   Level
a - Slow                  Hex            16%        N/A       34%         1

Your spell library contained the following spells:

 Spells                   Type           Power      Damage    Failure   Level
 Inner Flame              Hex/Fire       2%         N/A       83%         3
 Portal Projectile        Hex/Tloc       4%         N/A       83%         3
 Cause Fear               Hex            2%         N/A       98%         4

Inventory:

Hand Weapons
 Y - a +1 sling (weapon)
Armour
 k - a +0 ring mail (worn)
Jewellery
 a - a +6 ring of dexterity (left hand)
 b - a ring of resist corrosion (right hand)
 d - a ring of fire
Scrolls
 h - 2 scrolls of identify
Potions
 e - a potion of might
 f - a potion of mutation
 g - 2 potions of curing
 i - a potion of cancellation

Dungeon Overview and Level Annotations

Branches:
Dungeon (4/15)
 Temple: D:4-7

Altars:
Yredelemnul
The Shining One

Shops:
D:1 *


Message History

You shoot a sling bullet.
The sling bullet hits the howler monkey but does no damage.
The howler monkey is heavily wounded.
The howler monkey hoots and howls with incredible vigour!
The gnoll closely misses you.
The howler monkey hoots and howls with incredible vigour!
You shoot a sling bullet.
The sling bullet hits the howler monkey.
The howler monkey is severely wounded.
The gnoll closely misses you. The howler monkey closely misses you.
You shoot a sling bullet.
The sling bullet hits the howler monkey.
The howler monkey is almost dead.
The howler monkey hits you but does no damage.
The gnoll closely misses you. The howler monkey closely misses you.
The gnoll closely misses you.
You shoot a sling bullet.
The sling bullet hits the howler monkey but does no damage.
The howler monkey is almost dead.
The howler monkey barely misses you. You furiously retaliate!
You headbutt the howler monkey.
The gnoll hits you from afar with a +0 halberd!
You shoot a sling bullet.
The sling bullet closely misses the howler monkey.
The sling bullet hits the gnoll but does no damage.
The howler monkey barely misses you. You furiously retaliate!
You headbutt the howler monkey.
You kill the howler monkey!
The howler monkey's corpse dissolves into shadows!
The gnoll hits you from afar with a +0 halberd!
You shoot a sling bullet.
The sling bullet completely misses the gnoll.
The sling bullet hits the gnoll but does no damage.
The gnoll hits you with a +0 flail! The gnoll closely misses you.
You shoot a sling bullet.
The sling bullet closely misses the gnoll.
The sling bullet hits the gnoll!
The gnoll is severely wounded.
The gnoll hits you from afar with a +0 halberd!
You die... ### ... #.# #.# #.# #.# #<# #@# #g# Kgg

.S...
......#
.###.#.#
.. #.#.#
.. ..#.#


You could see 3 gnolls, a ball python (summoned) and a kobold (summoned).

Vanquished Creatures
  An orc priest (D:3)
  3 gnolls (D:3)
  6 adders
  A worm (D:4)
  3 dart slugs
  4 orcs (D:3)
  A ball python (D:1)
  6 bats
  5 endoplasms
  4 giant cockroaches
  14 goblins
  7 hobgoblins
  3 jackals
  5 kobolds
  7 quokkas
  4 frilled lizards
  3 rats
77 creatures vanquished.

Notes
Turn   | Place    | Note
-------+----------+-------------------------------------------
     0 | D:1      | qw the Minotaur Hexslinger began the quest for the Orb.
     0 | D:1      | Reached XP level 1. HP: 16/16 MP: 1/1
     0 | D:1      | 0 ||| qw: Version: 0.3-a-46-gb1f654a
     0 | D:1      | 0 ||| qw: Game counter: 3699
     0 | D:1      | 0 ||| qw: Melee chars always use a shield: true
     0 | D:1      | 0 ||| qw: God list: Okawaru
     0 | D:1      | 0 ||| qw: Allow faded altars: false
     0 | D:1      | 0 ||| qw: Do Orc after clearing Dungeon:15 true
     0 | D:1      | 0 ||| qw: Do second Lair branch before Depths: true
     0 | D:1      | 0 ||| qw: Lair rune preference: random
     0 | D:1      | 0 ||| qw: Goals: Normal
     0 | D:1      | 0 ||| PLANNING D:1-11
   116 | D:1      | Reached skill level 3 in Ranged Weapons
   130 | D:1      | Reached XP level 2. HP: 23/23 MP: 2/2
   166 | D:1      | Found Avopiam's General Store.
   169 | D:1      | 169 ||| SHOPLISTING +0 ring mail (44 gold, have 35).
   169 | D:1      | 169 ||| SHOPLISTING +3 leather armour of willpower (264
                  | gold, have 35).
   169 | D:1      | 169 ||| SHOPLISTING potion of mutation (88 gold, have 35).
   169 | D:1      | 169 ||| SHOPLISTING scroll of enchant armour (82 gold, have
                  | 35).
   169 | D:1      | 169 ||| BUYING scroll of identify (22 gold).
   169 | D:1      | Bought a scroll of identify for 22 gold pieces
   566 | D:1      | 566 ||| READING scroll labelled FUIW WUB GAOFF.
   567 | D:1      | 567 ||| READING scroll labelled VUADGH HOWOBBI.
   572 | D:1      | 572 ||| DRINKING 2 clear potions.
   573 | D:1      | 573 ||| DROPPING scroll of poison.
   610 | D:2      | Reached XP level 3. HP: 29/29 MP: 3/3
   660 | D:2      | Reached skill level 4 in Ranged Weapons
   660 | D:2      | 660 ||| FLEEEEING.
   661 | D:2      | 661 ||| FLEEEEING.
   664 | D:2      | 664 ||| FLEEEEING.
   665 | D:2      | 665 ||| FLEEEEING.
   666 | D:2      | 666 ||| FLEEEEING.
   667 | D:2      | 667 ||| FLEEEEING.
   668 | D:2      | 668 ||| FLEEEEING.
   672 | D:2      | 672 ||| FLEEEEING.
   673 | D:2      | 673 ||| FLEEEEING.
   674 | D:2      | 674 ||| FLEEEEING.
   675 | D:2      | 675 ||| FLEEEEING.
   676 | D:2      | 676 ||| FLEEEEING.
   677 | D:2      | 677 ||| FLEEEEING.
   678 | D:2      | 678 ||| FLEEEEING.
   679 | D:2      | 679 ||| FLEEEEING.
   680 | D:2      | 680 ||| FLEEEEING.
   681 | D:2      | 681 ||| FLEEEEING.
   682 | D:2      | 682 ||| FLEEEEING.
   683 | D:2      | 683 ||| FLEEEEING.
   685 | D:2      | 685 ||| STAIRDANCE
   795 | D:2      | HP: 7/29 [poisoned by an adder]
   913 | D:2      | Reached XP level 4. HP: 36/36 MP: 4/4
  1526 | D:2      | 1526 ||| UPGRADING to +0 leather armour.
  1536 | D:2      | 1536 ||| DROPPING +0 robe.
  1537 | D:2      | 1537 ||| UPGRADING to +0 ring mail.
  1547 | D:2      | 1547 ||| DROPPING +0 leather armour.
  1548 | D:2      | 1548 ||| UPGRADING to +6 ring of dexterity.
  1549 | D:2      | 1549 ||| UPGRADING to ring of resist corrosion.
  1550 | D:2      | 1550 ||| READING scroll labelled XUOJ URYRIXKE.
  1551 | D:2      | 1551 ||| READING 4 scrolls of identify.
  1551 | D:2      | 1551 ||| IDENTIFYING fuming purple potion
  1552 | D:2      | 1552 ||| READING 3 scrolls of identify.
  1552 | D:2      | 1552 ||| IDENTIFYING sedimented yellow potion
  1553 | D:2      | 1553 ||| READING 2 scrolls of identify.
  1553 | D:2      | 1553 ||| IDENTIFYING metallic inky potion
  1554 | D:2      | 1554 ||| DROPPING potion of degeneration.
  1576 | D:3      | You fall into a shaft and drop 1 floor!
  1678 | D:4      | Reached skill level 1 in Armour
  1798 | D:3      | Found a glowing golden altar of the Shining One.
  1819 | D:3      | 1819 ||| Stepping ~*~*~tactically~*~*~ (outnumbered).
  1828 | D:3      | Reached skill level 5 in Ranged Weapons
  1828 | D:3      | HP: 9/36 [gnoll/+0 spear (6)]
  1984 | D:3      | Reached skill level 3 in Fighting
  1984 | D:3      | Reached XP level 5. HP: 12/45 MP: 5/5
  1984 | D:3      | 1984 ||| FLEEEEING.
  1985 | D:3      | 1985 ||| FLEEEEING.
  1986 | D:3      | 1986 ||| FLEEEEING.
  1987 | D:3      | 1987 ||| FLEEEEING.
  1988 | D:3      | 1988 ||| FLEEEEING.
  1989 | D:3      | 1989 ||| FLEEEEING.
  1990 | D:3      | 1990 ||| FLEEEEING.
  1991 | D:3      | 1991 ||| FLEEEEING.
  1992 | D:3      | 1992 ||| FLEEEEING.
  1993 | D:3      | 1993 ||| STAIRDANCE
  2104 | D:2      | 2104 ||| READING scroll labelled JUROECA WATO.
  2105 | D:2      | 2105 ||| READING 3 scrolls of identify.
  2105 | D:2      | 2105 ||| IDENTIFYING grey potion
  2106 | D:2      | 2106 ||| READING 2 scrolls of identify.
  2106 | D:2      | 2106 ||| IDENTIFYING white potion
  2107 | D:2      | 2107 ||| DROPPING potion of brilliance.
  2392 | D:3      | Found a basalt altar of Yredelemnul.
  2521 | D:3      | Noticed an angel
  2593 | D:4      | HP: 6/45 [gnoll/+0 flail (8)]
  2594 | D:4      | Slain by a gnoll

Levels and vault maps discovered:
D:1:      dpeg_arrival_houses_and_road, layout_basic, serial_shops,
          nicolae_shop_real_fake_doors
D:2:      minmay_recursive_quarters, layout_basic, minmay_liquid_box,
          nicolae_titane
D:3:      cheibrodos_greedy_goblins, layout_rooms,
          grunt_temple_overflow_holy_war, uniq_crazy_yiuf_cottage
D:4:      layout_loops_ring, lemuel_tele_altar

Skill      XL: |  1  2  3  4 |
---------------+-------------+-----
Ranged Weapons | 3 4 5 |  5.5
Fighting       | 2 3 |  3.3
Armour         | 1 |  1.0
Dodging        | |  2.1
Spellcasting   | |  1.0
Hexes          | |  2.0

Action                     |  1- 3 |  4- 6 || total
---------------------------+-------+-------++-------
   Fire: Sling             |    78 |   136 ||   214
    Use: Scroll            |     2 |     7 ||     9
         Potion            |     1 |       ||     1
 Armour: Robe              |     9 |     1 ||    10
         Ring mail         |       |    28 ||    28
  Dodge: Dodged            |    26 |    58 ||    84

Table legend:
 A = Non-vault XP
 B = Vault XP
 C = Vault XP percentage of total XP
 D = Non-vault monster count
 E = Vault monster count
 F = Vault count percentage of total count
                 A         B        C        D         E       F
            +---------+---------+-------+---------+---------+-------
      Total |     238 |      58 |  19.6 |      59 |      18 |  23.4
            +---------+---------+-------+---------+---------+-------
        D:1 |      36 |       0 |   0.0 |      18 |       0 |   0.0
        D:2 |      46 |      35 |  43.2 |      13 |       6 |  31.6
        D:3 |     131 |      23 |  14.9 |      23 |      12 |  34.3
        D:4 |      25 |       0 |   0.0 |       5 |       0 |   0.0
            +---------+---------+-------+---------+---------+-------
